 Dungeon Crawl Stone Soup version 0.27-a0-1119-gbf574a6a6b (webtiles) character file.

Game seed: 4477452259913181507

224 spiderkeys the Magician (level 6, -3/43 HPs)
             Began as a Djinni Ice Elementalist on May 3, 2021.
             Was an Initiate of Ashenzari.
             Slain by a wyvern zombie (11 damage)
             ... on level 7 of the Dungeon.
             The game lasted 00:04:46 (3635 turns).

spiderkeys the Magician (Djinni Ice Elementalist)   Turns: 3635, Time: 00:04:47

Health: -3/43      AC:  4    Str:  7    XL:     6   Next: 0%
Gold:   179        EV: 12    Int: 18    God:    Ashenzari [......] SH:  0 Dex: 14

rFire    + + .     SeeInvis .   f - +0 dagger
rCold    x . .     Faith    .   (no shield)
rNeg     . . .     Spirit   .   g - +0 leather armour
rPois    ∞         Reflect  .   (no helmet)
rElec    .         Harm     .   (no cloak)
rCorr    .         Rampage  .   d - +0 pair of gloves
Will     .....                  (boots unavailable)
Stlth    ++........             (no amulet)
HPRegen  0.14/turn              (no ring)
MPRegen  0.00/turn              (no ring)

@: flying
A: fire resistance 2, cold vulnerability 1, float, innate caster, hp casting,
extra vitality 1
a: Renounce Religion


You were on level 7 of the Dungeon.
You worshipped Ashenzari.
Ashenzari was noncommittal.
You visited 1 branch of the dungeon, and saw 5 of its levels.

You collected 179 gold pieces.


Innate Abilities, Weirdness & Mutations

You are immune to poison.
Your flesh is very heat resistant. (rF++)
You are vulnerable to cold. (rC-)
You float through the air rather than walking.
You learn spells naturally, not from books.
Your magical power is your life essence.
You have superior vitality. (+4 HP)


   Skills:
 + Level 2.2 Fighting
 + Level 2.1 Armour
 + Level 3.5 Dodging
 - Level 1.5 Stealth
 * Level 4.7 Spellcasting


You couldn't memorise any spells.
You knew the following spells:

 Your Spells              Type           Power      Damage    Failure   Level
b - Beastly Appendage     Tmut           42%        N/A       2%          1
f - Freeze                Ice            84%        1d10      2%          1
m - Metabolic Englaciati  Hex/Ice        10%        N/A       61%         5
o - Ozocubu's Armour      Ice            21%        N/A       9%          3
r - Frozen Ramparts       Ice            42%        1d6       9%          3
s - Slow                  Hex            21%        N/A       4%          2
X - Hailstorm             Conj/Ice       21%        3d6       28%         4
Your spell library was empty.

Inventory:

Hand Weapons
 f - a +0 dagger (weapon)
   (You found it on level 1 of the Dungeon)
Missiles
 b - 99 stones
 h - 23 arrows
Armour
 a - a +0 robe
 d - a +0 pair of gloves (worn)
   (You found it on level 1 of the Dungeon)
 g - a +0 leather armour (worn)
   (You found it on level 2 of the Dungeon)
 i - a +0 scale mail
   (You took it off Terence on level 2 of the Dungeon)
Potions
 c - 2 potions of berserk rage {!q}
 e - 2 potions of invisibility

Dungeon Overview and Level Annotations

Branches:
Dungeon (4/15)
 Temple: D:4-7

Altars:
Ashenzari
Ru

Annotations:
D:3 Sigmund
D:4 Eustachio

### #.. # ####?####
+.. .$#.....
#...#####/#..#
.............###.##
.......@Z..........
.########.#.####.#
...#.# ###.#.#
#.#.# #.#.# #.#.#
#.#.# #.#


You could see a wyvern zombie.


Message History

There is an open door here.
There is an open door here.
You reach down and open the door.
There is an open door here.
There is a broken altar of Ashenzari here. 😎 HP[+4]
Your hp is fully restored (43).
You hover solemnly before the altar of Ashenzari.
Ashenzari welcomes you!
e - 2 potions of invisibility Ashenzari warns you of distant threats and treasures.
Ashenzari reveals the structure of the dungeon to you.
Ashenzari shows you where magical portals lie.
Ashenzari prevents you from stumbling into unseen traps.
Ashenzari identifies your possessions.
Unknown command.
Press < or > to pray at altars.
There is an open door here.
There is a stone staircase leading down here.
A frilled lizard comes into view.
The frilled lizard hisses angrily.
A frilled lizard is nearby!
The frilled lizard bites you but does no damage.
You hit the frilled lizard.
You kill the frilled lizard!
No target in view!
No target in view!
As you open the door, it creaks loudly!
Sigmund the Dreaded comes into view.
He is wielding a +0 scythe.
Sigmund shouts!
Sigmund points at you and mumbles some strange words.
You are confused.
Okay, then.
You bump into the rock wall.
You bump into the rock wall.
You bump into the rock wall.
Sigmund casts a spell at you. You resist with some effort.
Sigmund hits you from afar with a +0 scythe. 😕 HP[-4]
You take 4 damage, and now have 39/43 hp.
Unknown command.
You bump into the rock wall.
Sigmund hits you from afar with a +0 scythe! 😮 HP[-11]
You take 11 damage, and now have 28/43 hp.
MASSIVE DAMAGE!! (PAUSE)
You feel less confused.
Sigmund points at himself and mumbles some strange words.
Sigmund flickers and vanishes!
Deactivating autopickup; reactivate with Ctrl-A.
A puff of flame appears from out of thin air!
The puff of flame hits you. You resist. 😮 HP[-3]
You take 3 damage, and now have 25/43 hp.
A quokka comes into view. 😮 HP[+1]
There is a stone staircase leading down here.
You fly downwards.
Reactivating autopickup. 2 orcs, 2 orc priests, an orc wizard and Eustachio come into view.
The orc priest shouts!
The orc shouts!
The orc wizard shouts!
There is a stone staircase leading up here.
Eustachio shouts!
The orc shouts!
The orc priest shouts!
The orc priest looks braver for a moment.
A hobgoblin comes into view.
The orc priest casts a cantrip, but nothing happens.
The orc priest calls down the wrath of Beogh upon you.
Beogh smites you!
* * * LOW HITPOINT WARNING * * *
There is a shaft here. 😨 HP[-12]
You take 12 damage, and now have 14/43 hp.
MASSIVE DAMAGE!! (PAUSE)
You are sucked into a shaft and drop 3 floors!
The shaft crumbles and collapses.
A wyvern zombie comes into view. 😨 HP[+1] 😨 HP[+1]
Casting: Freeze (safe; 2% risk of failure)
Confirm with . or Enter, or press ? or * to list all spells.
Aiming: Freeze (safe; 2% risk of failure)
Press: ? - help, Shift-Dir - straight line, f - wyvern zombie
Aim: a wyvern zombie You freeze the wyvern zombie but do no damage.
The wyvern zombie completely resists.
* * * LOW HITPOINT WARNING * * *
The wyvern zombie closely misses you. 😨 HP[-1]
You take 1 damage, and now have 15/43 hp.
Casting: Freeze (safe; 2% risk of failure)
Confirm with . or Enter, or press ? or * to list all spells.
Aiming: Freeze (safe; 2% risk of failure)
Press: ? - help, Shift-Dir - straight line, f/p - wyvern zombie
Aim: a wyvern zombie You freeze the wyvern zombie.
The wyvern zombie resists.
* * * LOW HITPOINT WARNING * * *
The wyvern zombie bites you!
* * * LOW HITPOINT WARNING * * *
😱 HP[-8]
You take 8 damage, and now have 7/43 hp.
The wyvern zombie barely misses you. The wyvern zombie bites you!
You die...

Skill      XL: |  1  2  3  4  5 |
---------------+----------------+-----
Armour         | 1 2 |  2.1
Fighting       | 1 2 |  2.2
Spellcasting   | 4 |  4.7
Dodging        | 3 |  3.5
Stealth        | |  1.5

Action                   |  1- 3 |  4- 6 || total
-------------------------+-------+-------++-------
Melee: Unarmed           |     6 |       ||     6
       Dagger            |    86 |    14 ||   100
       Headbutt          |     6 |     1 ||     7
 Cast: Freeze            |    37 |    48 ||    85
       Beastly Appendage |     5 |       ||     5
  Use: Scroll            |     2 |     1 ||     3
Armor: Robe              |    21 |       ||    21
       Leather armour    |     3 |     9 ||    12
Dodge: Dodged            |    68 |    23 ||    91

Levels and vault maps discovered:
D:1:      lightli_arrival_chessboard, layout_rooms
D:2:      layout_loops_ring, ebering_ecumenical_altar_hall,
          minmay_misc_feat_pillars, uniq_terence
D:3:      minmay_chambers_of_twos, layout_basic, ashenzari_altar_1,
          overflow_temple_1_default, grunt_ministairs_1, uniq_sigmund
D:4:      layout_rooms, uniq_eustachio
D:7:      layout_basic, nicolae_qazlal_scattered_showers,
          kennysheep_generic_room_9

Notes
Turn   | Place    | Note
-------+----------+-------------------------------------------
     0 | D:1      | spiderkeys the Djinni Ice Elementalist began the quest for
                  | the Orb.
     0 | D:1      | Reached XP level 1. HP: 15/15 MP: 0/0
     0 | D:1      | magus.rc [v1.9.10]
   249 | D:1      | HP: 3/15 [ball python (1)]
   530 | D:1      | Reached XP level 2. HP: 18/22 MP: 0/0
   831 | D:1      | HP: 5/22 [frozen (4)]
  1328 | D:1      | Reached XP level 3. HP: 25/26 MP: 0/0
  1328 | D:1      | Learned a level 1 spell: Beastly Appendage
  1384 | D:1      | Reached skill level 1 in Armour
  1415 | D:1      | Reached skill level 1 in Fighting
  1434 | D:1      | Reached skill level 4 in Spellcasting
  2187 | D:2      | Reached XP level 4. HP: 22/32 MP: 0/0
  2193 | D:2      | Reached skill level 3 in Dodging
  2418 | D:2      | Found a faded altar of an unknown god.
  2472 | D:2      | Reached XP level 5. HP: 22/38 MP: 0/0
  2472 | D:2      | Learned a level 2 spell: Slow
  2474 | D:2      | Reached skill level 2 in Fighting
  2933 | D:2      | Noticed Terence
  2940 | D:2      | Killed Terence
  2941 | D:2      | Reached skill level 2 in Armour
  3177 | D:3      | Found a broken altar of Ashenzari.
  3397 | D:3      | Found a sacrificial altar of Ru.
  3500 | D:3      | Reached XP level 6. HP: 41/43 MP: 0/0
  3566 | D:3      | Became a worshipper of Ashenzari the Shackled
  3595 | D:3      | Noticed Sigmund
  3609 | D:4      | Noticed Eustachio
  3614 | D:4      | You are sucked into a shaft and drop 3 floors!
  3631 | D:7      | HP: 7/43 [wyvern zombie (7)]
  3635 | D:7      | Slain by a wyvern zombie

Vanquished Creatures
  2 orc priests (D:2)
  Terence (D:2)
  2 orc wizards (D:2)
  2 adders (D:3)
  4 dart slugs
  5 orcs (D:2)
  6 ball pythons
  4 bats
  5 endoplasms
  3 giant cockroaches
  3 goblins
  7 hobgoblins
  2 jackals (D:1)
  A quokka (D:1)
  5 frilled lizards
  4 kobolds
  5 rats
61 creatures vanquished.

Table legend:
 A = Non-vault XP
 B = Vault XP
 C = Vault XP percentage of total XP
 D = Non-vault monster count
 E = Vault monster count
 F = Vault count percentage of total count
                 A         B        C        D         E       F
            +---------+---------+-------+---------+---------+-------
      Total |     270 |      51 |  15.9 |      58 |       3 |   4.9
            +---------+---------+-------+---------+---------+-------
        D:1 |      52 |       0 |   0.0 |      26 |       0 |   0.0
        D:2 |     191 |      36 |  15.9 |      22 |       1 |   4.3
        D:3 |      27 |      15 |  35.7 |      10 |       2 |  16.7
            +---------+---------+-------+---------+---------+-------

Illustrated notes

Table legend:
 A = Kills in this place as a percentage of kills in entire the game.
 B = Kills by you in this place as a percentage of kills by you in the entire game.
 C = Kills by friends in this place as a percentage of kills by friends in the entire game.
 D = Other kills in this place as a percentage of other kills in the entire game.
 E = Experience gained in this place as a percentage of experience gained in the entire game.
 F = Experience gained in this place divided by the number of levels of this place that you have seen.
                   A       B       C       D       E      F
               +-------+-------+-------+-------+-------+----------------------
         Total | 100.0 | 100.0 |   N/A |   N/A | 100.0 |  64.2
       Dungeon | 100.0 | 100.0 |   N/A |   N/A | 100.0 |  64.2
               +-------+-------+-------+-------+-------+----------------------

Table legend: (Time is in decaauts)
 A = Elapsed time spent in this place.
 B = Non-inter-level travel time spent in this place.
 C = Inter-level travel time spent in this place.
 D = Time resting spent in this place.
 E = Time spent auto-exploring this place.
 F = Levels seen in this place.
 G = Mean time per level.
                   A        B        C        D        E       F      G
               +--------+--------+--------+--------+--------+-----+--------+
         Total |   3633 |   3524 |    109 |    581 |   2502 |   5 |  726.6 |
       Dungeon |   3633 |   3524 |    109 |    581 |   2502 |   5 |  726.6 |
               +--------+--------+--------+--------+--------+-----+--------+

Top non-repeatable levels by time:
     D:1: 1645 daAuts
     D:2: 1496 daAuts
     D:3: 465 daAuts
     D:7: 20 daAuts
     D:4: 4 daAuts
